Pick #1

Connor Bedard
Pick #2

Leo Carlsson
Pick #3

Adam Fantilli
Pick #4

Matvei Michkov
Pick #5

David Reinbacher
Pick #6

William Smith
Pick #7

Zachary Benson
Pick #8

Ryan Leonard
Pick #9

Gabriel Perreault
Pick #10

Axel Sandin-Pellika
Pick #11

Daniil But
Pick #12

Dalibor Dvorsky
Pick #13

Quentin Musty
Pick #14

Brayden Yager
Pick #15

Dmitry Simashev
Pick #16

Colby Barlow
Pick #17

Andrew Cristall
Pick #18

Easton Cowan
Pick #19

Jacob Fowler
Pick #20

Oliver Moore
Pick #21

Oliver Bonk
Pick #22

Tom Willander
Pick #23

Calum Ritchie
Pick #24

Tanner Molendyk
Pick #25

Gavin Brindley
Pick #26

Nate Danielson
Pick #27

Pick #28

Pick #29

Pick #30

Pick #31

Pick #32

Pick #33

Pick #34

Pick #35

Pick #36

Pick #37

Pick #38

Pick #39

Pick #40

Pick #41

Pick #42

Pick #43

Pick #44

Pick #45

Pick #46

Pick #47

Pick #48

Pick #49

Pick #50

Pick #51

Pick #52

Pick #53

Pick #54

Pick #55

Pick #56

Pick #57

Pick #58

Pick #59

Pick #60

Pick #61

Pick #62

Pick #63

Pick #64

Pick #65

Pick #66

Pick #67

Pick #68

Pick #69

Pick #70

Pick #71

Pick #72

Pick #73

Pick #74

Pick #75

Pick #76

Pick #77

Pick #78

Pick #79

Pick #80

Pick #81

Pick #82

Pick #83

Pick #84

Pick #85

Pick #86

Pick #87

Pick #88

Pick #89

Pick #90

Pick #91

Pick #92

Pick #93

Pick #94

Pick #95

Pick #96

Pick #97

Pick #98

Pick #99

Pick #100

Pick #101

Pick #102

Pick #103

Pick #104

Pick #105

Pick #106

Pick #107

Pick #108

Pick #109

Pick #110

Pick #111

Pick #112

Pick #113

Pick #114

Pick #115

Pick #116

Pick #117

Pick #118

Pick #119

Pick #120

Pick #121

Pick #122

Pick #123

Pick #124

Pick #125

Pick #126

Pick #127

Pick #128

Pick #129

Pick #130

Full Scoreboard »»

Canadiens vs Lightning

Created - February 11, 2024 at 11:24

Goals
1 2 3 T
Canadiens 1 0 0 1
Lightning 1 1 1 3
Shots
1 2 3 T
Canadiens 11 8 18 37
Lightning 3 6 4 13

GoalsPenalties
1st period
1. Canadiens , Ryan O'Reilly 12 (Filip Forsberg 22, Valeri Nichushkin 23) at 0:54 (PP)
2. Lightning , Sam Bennett 20 (William Karlsson 19, Patrice Bergeron 28) at 2:07 (PP)
Jeff Skinner (TBL) for Delaying the game (Minor) at 0:36
Valeri Nichushkin (MTL) for Holding (Minor) at 1:31
Ben Chiarot (TBL) for Interference (Minor) at 8:04
2nd period
3. Lightning , Jeff Skinner 19 (John Klingberg 30) at 11:22
John Klingberg (TBL) for Goalie Interference (Minor) at 0:31
Brandon Montour (TBL) for Interference (Minor) at 14:04
Teddy Blueger (TBL) for Holding (Minor) at 19:11
3rd period
4. Lightning , Tyler Toffoli 14 (Jeff Skinner 18) at 18:20
Barclay Goodrow (TBL) for Roughing (Minor) at 4:05
Goalie Stats
Kaapo Kahkonen (MTL), 10 saves from 13 shots - (0.769), L, 17-5-8, 60:00 minutes
Jacob Markstrom (TBL), 36 saves from 37 shots - (0.973), W, 26-13-5, 60:00 minutes
3 StarsOfficial
1 - Jacob Markstrom (TBL)
2 - Tyler Toffoli (TBL)
3 - Jeff Skinner (TBL)
Referees : Brian Pochmara and Mitch Dunning
Linesman : Travis Gawryletz and Kory Nagy
Game Note
Erik Haula is injured at 17:42 of 3rd period (Bruised Right Foot)
Finance
Level 1 -- Attendance: 6330 (97.38%) -- Ticket Income $696,300
Level 2 -- Attendance: 4238 (84.76%) -- Ticket Income $402,610
Level 3 -- Attendance: 2769 (79.11%) -- Ticket Income $207,675
Level 4 -- Attendance: 2772 (86.52%) -- Ticket Income $124,740
Luxury Box -- Attendance: 485 (48.50%) -- Ticket Income $174,600
Game was played at the Amalie Arena.
Total Attendance: 16594 (86.41%)
Total Ticket Income: $1,605,925
Other Income: $401,481
Total Income: $2,007,406



Team Name Goals Shots Shots Attemp Shots Blocked PIM HIT PP PK FO%
Canadiens 1376242191 / 6 (17%)155%
Lightning 313301012211 / 1 (100%)145%

Canadiens
Player Name POS G A P +/- PIM HIT SHT SB MP PP MP PP SHT PK MP PK SHT FO% FOT
Alex GoligoskiD0000011120:305:2610:3000% 0
Alexander KerfootC000-1011013:220:0000:360100% 1
Anthony ManthaRW000000106:580:0000:0000% 0
Artturi LehkonenLW000-1011019:565:1100:0000% 1
Brendan GallagherRW000001006:580:0000:00050% 2
Brendan GaunceC000001006:580:0000:00067% 6
Daniel SprongRW000-1012012:460:0000:0000% 1
Filip ForsbergLW0110026019:445:0210:000100% 2
Ivan ProvorovD000-1022124:164:4720:0600% 0
Jaccob SlavinD000-1012024:164:4710:0600% 0
Lars EllerC000-1023012:460:0000:00041% 17
Leon DraisaitlC000-1001019:565:1100:00061% 28
Pierre-Olivier JosephD000-1021012:190:0000:0000% 0
Ryan O'ReillyC1010006020:205:0250:36052% 27
Ryan SuterD0000024123:255:2610:3000% 0
Teuvo TeravainenLW000-1002019:565:1100:00067% 3
Trevor van RiemsdykD000-1000115:140:0000:0000% 0
Valeri NichushkinRW0110224019:435:0200:0000% 0
Lightning
Player Name POS G A P +/- PIM HIT SHT SB MP PP MP PP SHT PK MP PK SHT FO% FOT
Alex KillornLW000000107:350:0000:000100% 1
Andrew PeekeD0000000012:500:0000:0000% 0
Barclay GoodrowC000022008:000:0001:540100% 1
Ben ChiarotD0000230019:120:0002:5600% 0
Brandon MontourD0002210225:390:3605:0000% 0
Brock NelsonC0002010119:210:0002:25042% 31
Dawson MercerC0000010010:560:0002:3100% 0
Erik HaulaLW0000013112:590:0007:4220% 2
Jeff SkinnerLW1122201016:550:0000:00050% 2
John KlingbergD0112211325:370:3604:5800% 0
Kaiden GuhleD0000021216:230:0003:3300% 0
Kevin ShattenkirkD0000020020:160:0003:5900% 0
Patrice BergeronC0110002119:090:3600:00036% 22
Ryan StromeC000000007:350:0000:00071% 7
Sam BennettC1010041019:090:3610:0000% 0
Teddy BluegerC0000201012:000:0005:54050% 22
Tyler ToffoliRW1012031016:560:0000:0000% 0
William KarlssonC0110001019:090:3600:0000% 0



Play-by-Play

1st period


0:01 of 1st period - Patrice Bergeron wins face-off versus Leon Draisaitl in neutral zone.
0:21 of 1st period - Icing by Ivan Provorov.
0:22 of 1st period - Brock Nelson wins face-off versus Leon Draisaitl in Canadiens zone.
0:36 of 1st period - Minor Penalty to Jeff Skinner for Delaying the game.
0:37 of 1st period - Teddy Blueger wins face-off versus Ryan O'Reilly in Lightning zone.
0:54 of 1st period - Shot by Ryan O'Reilly.
0:54 of 1st period - Goal by Ryan O'Reilly - Canadiens : 1 - Lightning : 0.
0:55 of 1st period - Alex Killorn wins face-off versus Lars Eller in neutral zone.
0:55 of 1st period - Alex Killorn is hit by Lars Eller.
1:04 of 1st period - Dawson Mercer is hit by Pierre-Olivier Joseph and loses puck.
1:23 of 1st period - Shot by Daniel Sprong.
1:23 of 1st period - Stopped by Jacob Markstrom with a rebound.
1:25 of 1st period - Shot by Alexander Kerfoot.
1:25 of 1st period - Shot Blocked by Kaiden Guhle.
1:27 of 1st period - Shot by Pierre-Olivier Joseph.
1:27 of 1st period - Stopped by Jacob Markstrom without a rebound.
1:28 of 1st period - Brock Nelson wins face-off versus Ryan O'Reilly in Lightning zone.
1:28 of 1st period - Brock Nelson is hit by Filip Forsberg.
1:31 of 1st period - Minor Penalty to Valeri Nichushkin for Holding.
1:32 of 1st period - Alexander Kerfoot wins face-off versus Patrice Bergeron in Canadiens zone.
1:54 of 1st period - Patrice Bergeron is hit by Ryan Suter and loses puck.
2:05 of 1st period - Shot by Patrice Bergeron.
2:05 of 1st period - Deflect By William Karlsson.
2:05 of 1st period - Shot Misses the Net.
2:07 of 1st period - Shot by Sam Bennett.
2:07 of 1st period - Goal by Sam Bennett - Canadiens : 1 - Lightning : 1.
2:08 of 1st period - Brock Nelson wins face-off versus Brendan Gaunce in neutral zone.
2:26 of 1st period - Brendan Gallagher is hit by Ben Chiarot and loses puck.
2:42 of 1st period - Brendan Gallagher is hit by Ben Chiarot and loses puck.
3:05 of 1st period - Shot by Valeri Nichushkin.
3:05 of 1st period - Stopped by Jacob Markstrom with a rebound.
3:07 of 1st period - Shot by Filip Forsberg.
3:07 of 1st period - Stopped by Jacob Markstrom without a rebound.
3:08 of 1st period - Patrice Bergeron wins face-off versus Ryan O'Reilly in Lightning zone.
4:47 of 1st period - Shot by Teddy Blueger.
4:47 of 1st period - Stopped by Kaapo Kahkonen without a rebound.
4:48 of 1st period - Brock Nelson wins face-off versus Lars Eller in Canadiens zone.
5:24 of 1st period - Icing by Jaccob Slavin.
5:25 of 1st period - Teddy Blueger wins face-off versus Daniel Sprong in Canadiens zone.
5:27 of 1st period - Erik Haula is hit by Ivan Provorov and loses puck.
6:14 of 1st period - Ryan Suter is hit by Erik Haula.
6:33 of 1st period - Icing by Alex Goligoski.
6:34 of 1st period - Ryan O'Reilly wins face-off versus Patrice Bergeron in Canadiens zone.
6:58 of 1st period - Shot by William Karlsson.
6:58 of 1st period - Stopped by Kaapo Kahkonen without a rebound.
6:59 of 1st period - Leon Draisaitl wins face-off versus Brock Nelson in Canadiens zone.
7:59 of 1st period - Icing by Pierre-Olivier Joseph.
8:00 of 1st period - Lars Eller wins face-off versus Patrice Bergeron in Canadiens zone.
8:04 of 1st period - Minor Penalty to Ben Chiarot for Interference.
8:05 of 1st period - Ryan O'Reilly wins face-off versus Teddy Blueger in Lightning zone.
8:22 of 1st period - Shot by Ryan O'Reilly.
8:22 of 1st period - Stopped by Jacob Markstrom without a rebound.
8:23 of 1st period - Leon Draisaitl wins face-off versus Teddy Blueger in Lightning zone.
9:36 of 1st period - Shot by Ryan Suter.
9:36 of 1st period - Shot Misses the Net.
10:15 of 1st period - Shot by Daniel Sprong.
10:15 of 1st period - Deflect By Lars Eller.
10:15 of 1st period - Stopped by Jacob Markstrom with a rebound.
10:17 of 1st period - Shot by Lars Eller.
10:17 of 1st period - Shot Misses the Net.
10:19 of 1st period - Shot by Lars Eller.
10:19 of 1st period - Stopped by Jacob Markstrom without a rebound.
10:20 of 1st period - Brock Nelson wins face-off versus Brendan Gaunce in Lightning zone.
10:29 of 1st period - Shot by Brock Nelson.
10:29 of 1st period - Shot Misses the Net.
10:41 of 1st period - Brendan Gallagher is hit by Tyler Toffoli and loses puck.
10:55 of 1st period - Icing by Ben Chiarot.
10:56 of 1st period - Leon Draisaitl wins face-off versus Brock Nelson in Lightning zone.
11:13 of 1st period - Trevor van Riemsdyk is hit by Brock Nelson and loses puck.
12:41 of 1st period - Dawson Mercer is hit by Filip Forsberg and loses puck.
12:48 of 1st period - Shot by Valeri Nichushkin.
12:48 of 1st period - Stopped by Jacob Markstrom without a rebound.
12:49 of 1st period - Lars Eller wins face-off versus Teddy Blueger in Lightning zone.
12:59 of 1st period - Icing by Erik Haula.
13:00 of 1st period - Brendan Gaunce wins face-off versus Teddy Blueger in Lightning zone.
13:11 of 1st period - Barclay Goodrow is hit by Brendan Gallagher.
13:21 of 1st period - Jaccob Slavin is hit by Kevin Shattenkirk and loses puck.
13:25 of 1st period - Icing by Erik Haula.
13:26 of 1st period - Teddy Blueger wins face-off versus Ryan O'Reilly in Lightning zone.
13:38 of 1st period - Ryan O'Reilly is hit by Kevin Shattenkirk and loses puck.
14:27 of 1st period - Brandon Montour is hit by Alexander Kerfoot.
14:52 of 1st period - William Karlsson is hit by Lars Eller and loses puck.
15:23 of 1st period - Shot by Leon Draisaitl.
15:23 of 1st period - Stopped by Jacob Markstrom with a rebound.
15:31 of 1st period - Teuvo Teravainen is hit by Tyler Toffoli and loses puck.
16:00 of 1st period - Shot by Tyler Toffoli.
16:00 of 1st period - Shot Blocked by Trevor van Riemsdyk.
16:12 of 1st period - Shot by Ryan Strome.
16:12 of 1st period - Shot Misses the Net.
16:50 of 1st period - Leon Draisaitl is hit by Dawson Mercer and loses puck.
17:10 of 1st period - Off-side.
17:11 of 1st period - Teddy Blueger wins face-off versus Ryan O'Reilly in neutral zone.
17:28 of 1st period - Jaccob Slavin is hit by Barclay Goodrow and loses puck.
17:37 of 1st period - Shot by Ryan O'Reilly.
17:37 of 1st period - Shot Blocked by Brandon Montour.
18:00 of 1st period - Icing by Ivan Provorov.
18:01 of 1st period - Patrice Bergeron wins face-off versus Ryan O'Reilly in Canadiens zone.
18:01 of 1st period - Patrice Bergeron is hit by Ivan Provorov.
18:06 of 1st period - Icing by Valeri Nichushkin.
18:07 of 1st period - Ryan O'Reilly wins face-off versus Patrice Bergeron in Canadiens zone.
18:15 of 1st period - Ryan O'Reilly is hit by Sam Bennett and loses puck.
18:22 of 1st period - Patrice Bergeron is hit by Valeri Nichushkin and loses puck.
19:02 of 1st period - Shot by Lars Eller.
19:02 of 1st period - Stopped by Jacob Markstrom without a rebound.
19:03 of 1st period - Brendan Gaunce wins face-off versus Brock Nelson in Lightning zone.
19:14 of 1st period - Shot by Brendan Gallagher.
19:14 of 1st period - Shot Misses the Net.
Goals for this period are 1 for Canadiens vs 1 for Lightning.
Shots for this period are 11 for Canadiens vs 3 for Lightning.

2nd period


0:01 of 2nd period - Patrice Bergeron wins face-off versus Lars Eller in neutral zone.
0:24 of 2nd period - Alexander Kerfoot is hit by Sam Bennett.
0:31 of 2nd period - Minor Penalty to John Klingberg for Goalie Interference.
0:32 of 2nd period - Leon Draisaitl wins face-off versus Teddy Blueger in Lightning zone.
0:55 of 2nd period - Shot by Teuvo Teravainen.
0:55 of 2nd period - Deflect By Leon Draisaitl.
0:55 of 2nd period - Shot Misses the Net.
1:22 of 2nd period - Jaccob Slavin is hit by Kaiden Guhle and loses puck.
1:50 of 2nd period - Erik Haula is hit by Ryan Suter and loses puck.
1:59 of 2nd period - Shot by Ryan Suter.
1:59 of 2nd period - Shot Misses the Net.
2:21 of 2nd period - Shot by Ryan Suter.
2:21 of 2nd period - Deflect By Ryan O'Reilly.
2:21 of 2nd period - Stopped by Jacob Markstrom without a rebound.
2:22 of 2nd period - Barclay Goodrow wins face-off versus Ryan O'Reilly in Lightning zone.
2:35 of 2nd period - Shot by Valeri Nichushkin.
2:35 of 2nd period - Stopped by Jacob Markstrom with a rebound.
3:06 of 2nd period - Off-side.
3:07 of 2nd period - Brendan Gallagher wins face-off versus Brock Nelson in neutral zone.
3:26 of 2nd period - Shot by Anthony Mantha.
3:26 of 2nd period - Stopped by Jacob Markstrom without a rebound.
3:27 of 2nd period - Ryan Strome wins face-off versus Ryan O'Reilly in Lightning zone.
3:59 of 2nd period - Icing by Brandon Montour.
4:00 of 2nd period - Ryan Strome wins face-off versus Leon Draisaitl in Lightning zone.
4:00 of 2nd period - Ryan Strome is hit by Artturi Lehkonen.
5:04 of 2nd period - Icing by Kaiden Guhle.
5:05 of 2nd period - Lars Eller wins face-off versus Patrice Bergeron in Lightning zone.
5:08 of 2nd period - Shot by Ryan Suter.
5:08 of 2nd period - Shot Misses the Net.
5:19 of 2nd period - Icing by Andrew Peeke.
5:20 of 2nd period - Ryan O'Reilly wins face-off versus Patrice Bergeron in Lightning zone.
5:20 of 2nd period - Ryan O'Reilly is hit by Kaiden Guhle.
6:04 of 2nd period - Shot by Filip Forsberg.
6:04 of 2nd period - Deflect By Ryan O'Reilly.
6:04 of 2nd period - Stopped by Jacob Markstrom with a rebound.
6:14 of 2nd period - Shot by Alexander Kerfoot.
6:14 of 2nd period - Stopped by Jacob Markstrom without a rebound.
6:15 of 2nd period - Lars Eller wins face-off versus Brock Nelson in Lightning zone.
6:27 of 2nd period - Shot by Tyler Toffoli.
6:27 of 2nd period - Shot Misses the Net.
6:29 of 2nd period - Shot by Brandon Montour.
6:29 of 2nd period - Shot Misses the Net.
6:39 of 2nd period - Shot by Brock Nelson.
6:39 of 2nd period - Shot Misses the Net.
6:55 of 2nd period - Shot by Tyler Toffoli.
6:55 of 2nd period - Shot Blocked by Ivan Provorov.
7:12 of 2nd period - Icing by Kevin Shattenkirk.
7:13 of 2nd period - Ryan O'Reilly wins face-off versus Ryan Strome in Lightning zone.
8:19 of 2nd period - Off-side.
8:20 of 2nd period - Teuvo Teravainen wins face-off versus Brock Nelson in neutral zone.
8:25 of 2nd period - Shot by Artturi Lehkonen.
8:25 of 2nd period - Shot Blocked by Brandon Montour.
8:42 of 2nd period - Brock Nelson is hit by Pierre-Olivier Joseph and loses puck.
9:42 of 2nd period - Shot by Sam Bennett.
9:42 of 2nd period - Shot Misses the Net.
9:46 of 2nd period - Shot by William Karlsson.
9:46 of 2nd period - Deflect By Patrice Bergeron.
9:46 of 2nd period - Stopped by Kaapo Kahkonen without a rebound.
9:47 of 2nd period - Lars Eller wins face-off versus Teddy Blueger in Canadiens zone.
11:22 of 2nd period - Shot by Jeff Skinner.
11:22 of 2nd period - Goal by Jeff Skinner - Canadiens : 1 - Lightning : 2.
11:23 of 2nd period - Patrice Bergeron wins face-off versus Ryan O'Reilly in neutral zone.
11:51 of 2nd period - Shot by Kaiden Guhle.
11:51 of 2nd period - Stopped by Kaapo Kahkonen without a rebound.
11:52 of 2nd period - Ryan Strome wins face-off versus Leon Draisaitl in Canadiens zone.
12:00 of 2nd period - Icing by Trevor van Riemsdyk.
12:01 of 2nd period - Leon Draisaitl wins face-off versus Jeff Skinner in Canadiens zone.
12:45 of 2nd period - Off-side.
12:46 of 2nd period - Ryan O'Reilly wins face-off versus Patrice Bergeron in neutral zone.
12:46 of 2nd period - Ryan O'Reilly is hit by Sam Bennett.
12:55 of 2nd period - William Karlsson is hit by Valeri Nichushkin and loses puck.
13:17 of 2nd period - Icing by Filip Forsberg.
13:18 of 2nd period - Ryan Strome wins face-off versus Ryan O'Reilly in Canadiens zone.
13:27 of 2nd period - Shot by Alex Killorn.
13:27 of 2nd period - Shot Misses the Net.
13:50 of 2nd period - Off-side.
13:51 of 2nd period - Brendan Gaunce wins face-off versus Patrice Bergeron in neutral zone.
13:51 of 2nd period - Brendan Gaunce is hit by Sam Bennett.
13:55 of 2nd period - Shot by Ryan Suter.
13:55 of 2nd period - Stopped by Jacob Markstrom without a rebound.
13:56 of 2nd period - Leon Draisaitl wins face-off versus Patrice Bergeron in Lightning zone.
14:01 of 2nd period - Shot by Teuvo Teravainen.
14:01 of 2nd period - Shot Misses the Net.
14:03 of 2nd period - Shot by Ryan Suter.
14:03 of 2nd period - Shot Misses the Net.
14:04 of 2nd period - Minor Penalty to Brandon Montour for Interference.
14:05 of 2nd period - Leon Draisaitl wins face-off versus Teddy Blueger in Lightning zone.
14:22 of 2nd period - Shot by Ryan Suter.
14:22 of 2nd period - Stopped by Jacob Markstrom without a rebound.
14:23 of 2nd period - Teddy Blueger wins face-off versus Ryan O'Reilly in Lightning zone.
16:47 of 2nd period - Icing by Ben Chiarot.
16:48 of 2nd period - Patrice Bergeron wins face-off versus Lars Eller in Lightning zone.
17:12 of 2nd period - Off-side.
17:13 of 2nd period - Brock Nelson wins face-off versus Leon Draisaitl in neutral zone.
17:29 of 2nd period - Brock Nelson is hit by Alex Goligoski and loses puck.
17:55 of 2nd period - Icing by Ryan Suter.
17:56 of 2nd period - Teddy Blueger wins face-off versus Leon Draisaitl in Canadiens zone.
17:59 of 2nd period - Shot by Erik Haula.
17:59 of 2nd period - Stopped by Kaapo Kahkonen without a rebound.
18:00 of 2nd period - Ryan O'Reilly wins face-off versus Patrice Bergeron in Canadiens zone.
18:17 of 2nd period - Shot by Filip Forsberg.
18:17 of 2nd period - Shot Misses the Net.
18:45 of 2nd period - Shot by Filip Forsberg.
18:45 of 2nd period - Stopped by Jacob Markstrom without a rebound.
18:46 of 2nd period - Leon Draisaitl wins face-off versus Brock Nelson in Lightning zone.
19:00 of 2nd period - Icing by Ryan Suter.
19:01 of 2nd period - Teddy Blueger wins face-off versus Leon Draisaitl in Canadiens zone.
19:11 of 2nd period - Minor Penalty to Teddy Blueger for Holding.
19:12 of 2nd period - Ryan O'Reilly wins face-off versus Brock Nelson in Lightning zone.
19:28 of 2nd period - Shot by Brock Nelson.
19:28 of 2nd period - Deflect By Erik Haula.
19:28 of 2nd period - Stopped by Kaapo Kahkonen without a rebound.
19:29 of 2nd period - Brock Nelson wins face-off versus Leon Draisaitl in Canadiens zone.
19:30 of 2nd period - Shot by Erik Haula.
19:30 of 2nd period - Stopped by Kaapo Kahkonen without a rebound.
19:31 of 2nd period - Leon Draisaitl wins face-off versus Brock Nelson in Canadiens zone.
19:33 of 2nd period - Icing by Ivan Provorov.
19:34 of 2nd period - Brock Nelson wins face-off versus Leon Draisaitl in Canadiens zone.
19:50 of 2nd period - Icing by Leon Draisaitl.
19:51 of 2nd period - Brock Nelson wins face-off versus Teuvo Teravainen in Canadiens zone.
Goals for this period are 0 for Canadiens vs 1 for Lightning.
Shots for this period are 8 for Canadiens vs 6 for Lightning.

3rd period


0:01 of 3rd period - Brock Nelson wins face-off versus Artturi Lehkonen in neutral zone.
0:07 of 3rd period - Icing by Artturi Lehkonen.
0:08 of 3rd period - Leon Draisaitl wins face-off versus Brock Nelson in Canadiens zone.
0:19 of 3rd period - Shot by Alex Goligoski.
0:19 of 3rd period - Stopped by Jacob Markstrom without a rebound.
0:20 of 3rd period - Ryan O'Reilly wins face-off versus Brock Nelson in Lightning zone.
0:21 of 3rd period - Shot by Ivan Provorov.
0:21 of 3rd period - Shot Blocked by Brock Nelson.
0:23 of 3rd period - Shot by Ryan O'Reilly.
0:23 of 3rd period - Stopped by Jacob Markstrom with a rebound.
0:25 of 3rd period - Shot by Ivan Provorov.
0:25 of 3rd period - Stopped by Jacob Markstrom without a rebound.
0:26 of 3rd period - Ryan O'Reilly wins face-off versus Brock Nelson in Lightning zone.
0:43 of 3rd period - Shot by Jaccob Slavin.
0:43 of 3rd period - Shot Blocked by John Klingberg.
0:45 of 3rd period - Shot by Ryan O'Reilly.
0:45 of 3rd period - Stopped by Jacob Markstrom without a rebound.
0:46 of 3rd period - Leon Draisaitl wins face-off versus Brock Nelson in Lightning zone.
1:02 of 3rd period - Teuvo Teravainen is hit by Ben Chiarot and loses puck.
1:20 of 3rd period - Patrice Bergeron is hit by Jaccob Slavin and loses puck.
1:37 of 3rd period - Shot by Filip Forsberg.
1:37 of 3rd period - Stopped by Jacob Markstrom with a rebound.
1:39 of 3rd period - Shot by Ivan Provorov.
1:39 of 3rd period - Shot Blocked by John Klingberg.
1:41 of 3rd period - Shot by Ryan O'Reilly.
1:41 of 3rd period - Deflect By Filip Forsberg.
1:41 of 3rd period - Shot Blocked by Patrice Bergeron.
1:47 of 3rd period - Shot by Filip Forsberg.
1:47 of 3rd period - Stopped by Jacob Markstrom without a rebound.
1:48 of 3rd period - Lars Eller wins face-off versus Ryan Strome in Lightning zone.
1:55 of 3rd period - Shot by Daniel Sprong.
1:55 of 3rd period - Stopped by Jacob Markstrom without a rebound.
1:56 of 3rd period - Brock Nelson wins face-off versus Leon Draisaitl in Lightning zone.
2:53 of 3rd period - Alexander Kerfoot is hit by Tyler Toffoli and loses puck.
3:54 of 3rd period - Ryan Strome is hit by Daniel Sprong and loses puck.
4:03 of 3rd period - Icing by Alexander Kerfoot.
4:04 of 3rd period - Lars Eller wins face-off versus Erik Haula in Canadiens zone.
4:04 of 3rd period - Ivan Provorov is hit by Barclay Goodrow and loses puck.
4:05 of 3rd period - Minor Penalty to Barclay Goodrow for Roughing.
4:06 of 3rd period - Teddy Blueger wins face-off versus Ryan O'Reilly in Lightning zone.
4:35 of 3rd period - Shot by Filip Forsberg.
4:35 of 3rd period - Stopped by Jacob Markstrom without a rebound.
4:36 of 3rd period - Teddy Blueger wins face-off versus Leon Draisaitl in Lightning zone.
4:48 of 3rd period - Off-side.
4:49 of 3rd period - Leon Draisaitl wins face-off versus Teddy Blueger in neutral zone.
5:10 of 3rd period - Shot by Jaccob Slavin.
5:10 of 3rd period - Stopped by Jacob Markstrom without a rebound.
5:11 of 3rd period - Filip Forsberg wins face-off versus Teddy Blueger in Lightning zone.
5:43 of 3rd period - Off-side.
5:44 of 3rd period - Leon Draisaitl wins face-off versus Teddy Blueger in neutral zone.
5:47 of 3rd period - Shot by Ivan Provorov.
5:47 of 3rd period - Stopped by Jacob Markstrom without a rebound.
5:48 of 3rd period - Leon Draisaitl wins face-off versus Erik Haula in Lightning zone.
5:48 of 3rd period - Artturi Lehkonen is hit by John Klingberg and loses puck.
5:54 of 3rd period - Teuvo Teravainen is hit by Brandon Montour and loses puck.
6:49 of 3rd period - Shot by Patrice Bergeron.
6:49 of 3rd period - Stopped by Kaapo Kahkonen without a rebound.
6:50 of 3rd period - Ryan O'Reilly wins face-off versus Brock Nelson in Canadiens zone.
6:58 of 3rd period - Icing by Ivan Provorov.
6:59 of 3rd period - Ryan O'Reilly wins face-off versus Brock Nelson in Canadiens zone.
7:19 of 3rd period - Shot by Filip Forsberg.
7:19 of 3rd period - Stopped by Jacob Markstrom without a rebound.
7:20 of 3rd period - Teuvo Teravainen wins face-off versus Teddy Blueger in Lightning zone.
7:35 of 3rd period - Shot by Ryan Suter.
7:35 of 3rd period - Stopped by Jacob Markstrom without a rebound.
7:36 of 3rd period - Jeff Skinner wins face-off versus Ryan O'Reilly in Lightning zone.
8:11 of 3rd period - Shot by Ryan O'Reilly.
8:11 of 3rd period - Deflect By Valeri Nichushkin.
8:11 of 3rd period - Stopped by Jacob Markstrom without a rebound.
8:12 of 3rd period - Leon Draisaitl wins face-off versus Patrice Bergeron in Lightning zone.
8:13 of 3rd period - Shot by Teuvo Teravainen.
8:13 of 3rd period - Stopped by Jacob Markstrom without a rebound.
8:14 of 3rd period - Leon Draisaitl wins face-off versus Patrice Bergeron in Lightning zone.
8:15 of 3rd period - Shot by Artturi Lehkonen.
8:15 of 3rd period - Stopped by Jacob Markstrom without a rebound.
8:16 of 3rd period - Leon Draisaitl wins face-off versus Patrice Bergeron in Lightning zone.
9:28 of 3rd period - Icing by Tyler Toffoli.
9:29 of 3rd period - Ryan O'Reilly wins face-off versus Brock Nelson in Lightning zone.
9:32 of 3rd period - Shot by Ryan O'Reilly.
9:32 of 3rd period - Shot Misses the Net.
9:51 of 3rd period - Off-side.
9:52 of 3rd period - Ryan Strome wins face-off versus Lars Eller in neutral zone.
10:07 of 3rd period - Shot by Dawson Mercer.
10:07 of 3rd period - Shot Misses the Net.
10:15 of 3rd period - Shot by Alex Killorn.
10:15 of 3rd period - Stopped by Kaapo Kahkonen with a rebound.
10:25 of 3rd period - Shot by Lars Eller.
10:25 of 3rd period - Shot Misses the Net.
11:26 of 3rd period - Shot by Ryan O'Reilly.
11:26 of 3rd period - Deflect By Filip Forsberg.
11:26 of 3rd period - Shot Blocked by Kaiden Guhle.
11:42 of 3rd period - Shot by Teuvo Teravainen.
11:42 of 3rd period - Stopped by Jacob Markstrom with a rebound.
11:44 of 3rd period - Shot by Ryan Suter.
11:44 of 3rd period - Stopped by Jacob Markstrom without a rebound.
11:45 of 3rd period - Brendan Gaunce wins face-off versus Brock Nelson in Lightning zone.
11:52 of 3rd period - Shot by Anthony Mantha.
11:52 of 3rd period - Deflect By Brendan Gallagher.
11:52 of 3rd period - Shot Blocked by John Klingberg.
12:16 of 3rd period - Shot by Brock Nelson.
12:16 of 3rd period - Deflect By Tyler Toffoli.
12:16 of 3rd period - Shot Blocked by Ryan Suter.
12:54 of 3rd period - Shot by William Karlsson.
12:54 of 3rd period - Shot Misses the Net.
13:04 of 3rd period - Shot by Trevor van Riemsdyk.
13:04 of 3rd period - Shot Misses the Net.
13:06 of 3rd period - Shot by Teuvo Teravainen.
13:06 of 3rd period - Shot Misses the Net.
13:15 of 3rd period - Icing by William Karlsson.
13:16 of 3rd period - Patrice Bergeron wins face-off versus Lars Eller in Lightning zone.
13:42 of 3rd period - Icing by Lars Eller.
13:43 of 3rd period - Teddy Blueger wins face-off versus Lars Eller in Canadiens zone.
13:48 of 3rd period - Shot by John Klingberg.
13:48 of 3rd period - Stopped by Kaapo Kahkonen without a rebound.
13:49 of 3rd period - Ryan O'Reilly wins face-off versus Brock Nelson in Canadiens zone.
14:17 of 3rd period - Shot by Brock Nelson.
14:17 of 3rd period - Shot Blocked by Alex Goligoski.
15:19 of 3rd period - Shot by Jaccob Slavin.
15:19 of 3rd period - Stopped by Jacob Markstrom without a rebound.
15:20 of 3rd period - Patrice Bergeron wins face-off versus Lars Eller in Lightning zone.
15:51 of 3rd period - Shot by Trevor van Riemsdyk.
15:51 of 3rd period - Shot Misses the Net.
16:06 of 3rd period - Icing by Sam Bennett.
16:07 of 3rd period - Filip Forsberg wins face-off versus Patrice Bergeron in Lightning zone.
17:42 of 3rd period - Shot by Teuvo Teravainen.
17:42 of 3rd period - Shot Blocked by Erik Haula.
17:42 of 3rd period - Erik Haula from Lightning is injured at 17:42 of 3rd period (Bruised Right Foot).
17:43 of 3rd period - Brock Nelson wins face-off versus Lars Eller in Lightning zone.
18:20 of 3rd period - Shot by Tyler Toffoli.
18:20 of 3rd period - Goal by Tyler Toffoli - Canadiens : 1 - Lightning : 3.
18:21 of 3rd period - Teddy Blueger wins face-off versus Brendan Gallagher in neutral zone.
18:21 of 3rd period - Teddy Blueger is hit by Brendan Gaunce.
18:51 of 3rd period - Shot by Jaccob Slavin.
18:51 of 3rd period - Shot Misses the Net.
19:21 of 3rd period - Icing by John Klingberg.
19:22 of 3rd period - Brock Nelson wins face-off versus Lars Eller in Lightning zone.
19:33 of 3rd period - Shot by Brock Nelson.
19:33 of 3rd period - Shot Misses the Net.
19:53 of 3rd period - Shot by Jeff Skinner.
19:53 of 3rd period - Shot Misses the Net.
19:59 of 3rd period - Shot by Jeff Skinner.
19:59 of 3rd period - Shot Misses the Net.
Goals for this period are 0 for Canadiens vs 1 for Lightning.
Shots for this period are 18 for Canadiens vs 4 for Lightning.